 Dungeon Crawl Stone Soup version 0.29-a0-613-gf2c431b9b9 (webtiles) character file.

Game seed: 16097675506144735878

1614 moldycheese5 the Ruffian (level 8, -1/60 HPs)
             Began as a Demonspawn Abyssal Knight on June 16, 2022.
             Was an Elder of Lugonu.
             Slain by a sky beast (6 damage)
             ... on level 7 of the Dungeon.
             The game lasted 00:15:18 (5681 turns).

moldycheese5 the Ruffian (DsAK)                     Turns: 5681, Time: 00:15:18

Health: -1/60      AC: 14    Str: 15    XL:     8   Next: 64%
Magic:  9/9        EV: 12    Int: 12    God:    Lugonu [****..]
Gold:   294        SH:  5    Dex: 20    Spells: 7/7 levels left

rFire   . . .      SeeInvis .     - Unarmed
rCold   . . .      Faith    .   (no shield)
rNeg    . . .      Spirit   .   e - quicksilver dragon scales of Virtue {Will+ Dex+6}
rPois   .          Reflect  +   (no helmet)
rElec   .          Harm     .   o - +0 cloak
rCorr   .          Rampage  .   l - +0 pair of gloves
Will    +....                   y - +0 pair of boots
Stlth   ++........              u - amulet of reflection
HPRegen 0.20/turn               (no ring)
MPRegen 0.11/turn               (no ring)

@: lethally poisoned (-1 -> -5)
A: powered by pain 1, weakness stinger 1, demonic touch 1
a: Renounce Religion, Depart the Abyss, Bend Space, Banish, Corrupt


You were on level 7 of the Dungeon.
You worshipped Lugonu.
Lugonu was greatly pleased with you.
You visited 1 branch of the dungeon, and saw 7 of its levels.
You visited the Abyss 1 time.

You collected 294 gold pieces.

Inventory:

Armour
 a - a +0 leather armour
 e - the quicksilver dragon scales of Virtue (worn) {Will+ Dex+6}
   (You acquired it on level 2 of the Dungeon)

   Dex:       It affects your dexterity (+6).
   Will:      It increases your willpower.
 l - a +0 pair of gloves (worn)
 n - a +1 chain mail
 o - a +0 cloak (worn)
 y - a +0 pair of boots (worn)
Jewellery
 m - a ring of ice
 p - an amulet of the acrobat
 u - an amulet of reflection (around neck)
Wands
 q - a wand of flame (10)
Scrolls
 c - a scroll of amnesia
 d - a scroll of poison
 g - 2 scrolls of magic mapping
 v - a scroll of fear
 w - 2 scrolls of teleportation
 A - a scroll of silence {unknown}
Potions
 b - a potion of brilliance {unknown}
 h - 2 potions of attraction {unknown}
 i - a potion of cancellation {unknown}
 j - a potion of mutation {unknown}
 k - 2 potions of flight
 r - a potion of berserk rage {unknown}
 s - 2 potions of degeneration {unknown}
 t - a potion of might {unknown}
 x - a potion of invisibility {unknown}
 z - a potion of magic {unknown}


   Skills:
 + Level 4.0 Fighting
 + Level 4.7 Armour
 + Level 3.0 Dodging
 + Level 2.3 Stealth
 + Level 2.2 Shields
 + Level 7.3 Unarmed Combat
 + Level 2.6 Invocations


You had 7 spell levels left.
You didn't know any spells.
Your spell library contained the following spells:

 Spells                   Type           Power      Damage    Failure   Level
 Foxfire                  Conj/Fire      0%         2x1d4     52%         1
 Sandblast                Erth           0%         2d4       52%         1
 Ensorcelled Hibernation  Hex/Ice        0%         N/A       67%         2
 Wereblood                Tmut           0%         N/A       67%         2
 Gell's Gravitas          Tloc           0%         N/A       88%         3
 Lesser Beckoning         Tloc           0%         N/A       88%         3
 Teleport Other           Tloc           0%         N/A       88%         3
 Olgreb's Toxic Radiance  Pois           0%         N/A       99%         4
 Irradiate                Conj/Tmut      0%         3d13      100%        5
 Iskenderun's Battlesphe  Conj           0%         2d6       100%        5
 Yara's Violent Unravell  Hex/Tmut       0%         3d3       100%        5
 Statue Form              Tmut/Erth      0%         N/A       100%        6
 Ozocubu's Refrigeration  Ice            0%         4d5       100%        7
 Ignition                 Fire           0%         3d3       100%        8


Dungeon Overview and Level Annotations

Branches:
Dungeon (7/15)             Temple (0/1) D:4

Altars:
Cheibriados
Gozag
Nemelex Xobeh
Ru
Sif Muna
Uskayaw
The Shining One


Innate Abilities, Weirdness & Mutations

You sometimes gain a little power by taking damage.
You have a small tail.
Your touch may inflict minor irresistible damage on your foes.


Message History

You feel very sick.
The water moccasin bites you but does no damage.
The water moccasin bites you.
* * * LOW HITPOINT WARNING * * *
You feel much better.
You feel very sick.
The water moccasin bites you but does no damage.
As you read the scroll of teleportation, it crumbles to dust.
You feel strangely unstable.
You feel very sick. The water moccasin barely misses you.
Unknown command.
You punch the water moccasin!
You kill the water moccasin!
Lugonu accepts your kill.
You feel very sick.
Your Dodging skill increases to level 3!
You punch the jelly!
Your hands burn!
* * * LOW HITPOINT WARNING * * *
The jelly is heavily wounded.
You feel sick. The jelly misses you.
You hit the jelly.
Your hands burn!
* * * LOW HITPOINT WARNING * * *
You tail-slap the jelly. Your touch misses the jelly.
The jelly is almost dead.
You feel sick. You block the jelly's attack.
You punch the jelly!
You kill the jelly!
Lugonu accepts your kill.
Your surroundings suddenly seem different.
A sky beast comes into view.
You feel sick.
The sky beast hits you but does no damage.
The sky beast attacks as you move away!
The sky beast hits you but does no damage.
You feel sick. The sky beast attacks as you move away! The sky beast hits you.
* * * LOW HITPOINT WARNING * * *
The sky beast shocks you.
You die...

.#....# ....... .
....... ..
.......### ..
.........##.#
#..........
#........#
.......Y#
..............@#
...............#
..........##.#..
..........####...
...........#
##...
...........# .##.
#........# #..#
..
##...<...#...##
..
##.............


You could see a sky beast.

Vanquished Creatures
  2 water moccasins (D:7)
  An orc warrior (D:7)
  3 ogres (D:6)
  A phantom (D:4)
  A centaur (D:5)
  A kobold brigand (D:4)
  A bullfrog (D:6)
  4 scorpions
  2 jellies (D:7)
  2 howler monkeys
  A hound (D:5)
  2 iguanas (D:6)
  2 orc wizards
  3 gnolls (D:4)
  9 adders
  3 worms
  7 dart slugs
  13 orcs
  5 endoplasms
  3 giant cockroaches
  11 goblins
  7 hobgoblins
  7 jackals
  4 quokkas
  11 ball pythons
  3 bats
  7 frilled lizards
  3 kobolds
  4 rats
123 creatures vanquished.

Notes
Turn   | Place    | Note
-------+----------+-------------------------------------------
     0 | Abyss:1  | moldycheese5 the Demonspawn Abyssal Knight began the quest
                  | for the Orb.
     0 | Abyss:1  | Reached XP level 1. HP: 18/18 MP: 2/2
     0 | D:1      | Escaped the Abyss
   170 | D:1      | Discovered your monstrous ancestry.
   170 | D:1      | Gained mutation: Your touch may inflict minor irresistible
                  | damage on your foes. [demonic ancestry]
   170 | D:1      | Reached XP level 2. HP: 21/24 MP: 3/3
   298 | D:1      | Reached ** piety under Lugonu
   299 | D:1      | Reached skill level 1 in Dodging
   785 | D:1      | Reached skill level 2 in Unarmed Combat
   798 | D:1      | Gained mutation: You sometimes gain a little power by
                  | taking damage. [demonic ancestry]
   798 | D:1      | Reached XP level 3. HP: 27/29 MP: 4/4
  1108 | D:2      | Got the Catalogue of the Damaging Mountains
  1800 | D:2      | Identified a scroll of acquirement
  1800 | D:2      | Acquired the quicksilver dragon scales of Virtue {Will+
                  | Dex+6}
  1898 | D:3      | Reached XP level 4. HP: 34/36 MP: 5/5
  1950 | D:3      | Reached *** piety under Lugonu
  2067 | D:3      | Found a faded altar of an unknown god.
  2158 | D:3      | Reached skill level 3 in Unarmed Combat
  2269 | D:3      | Found a sparkling altar of Nemelex Xobeh.
  2316 | D:3      | Found a faded altar of an unknown god.
  2702 | D:3      | Found a shimmering blue altar of Sif Muna.
  2807 | D:4      | Reached XP level 5. HP: 41/41 MP: 6/6
  2827 | D:4      | Got Pushoil's Almanac of Freezing Transformation
  2873 | D:4      | Found a snail-covered altar of Cheibriados.
  2873 | D:4      | Found a sacrificial altar of Ru.
  2907 | D:4      | Noticed a phantom
  2928 | D:4      | Killed a phantom
  3011 | D:4      | Reached skill level 1 in Stealth
  3011 | D:4      | Reached skill level 4 in Unarmed Combat
  3011 | D:4      | Gained mutation: You have a small tail. [demonic ancestry]
  3011 | D:4      | Reached XP level 6. HP: 42/47 MP: 7/7
  3306 | D:4      | Found a staircase to the Ecumenical Temple.
  3684 | D:5      | Entered Level 5 of the Dungeon
  3703 | D:5      | Reached **** piety under Lugonu
  3712 | D:5      | Found an opulent altar of Gozag.
  3720 | D:5      | Found an opulent altar of Gozag.
  3720 | D:5      | Found an opulent altar of Gozag.
  3725 | D:5      | Found an opulent altar of Gozag.
  3731 | D:5      | Reached XP level 7. HP: 53/53 MP: 8/8
  3767 | D:5      | Reached skill level 1 in Shields
  3767 | D:5      | Reached skill level 5 in Unarmed Combat
  4494 | D:6      | Reached skill level 6 in Unarmed Combat
  4674 | D:6      | Reached XP level 8. HP: 60/60 MP: 9/9
  5210 | D:6      | Found a hide-covered altar of Uskayaw.
  5494 | D:7      | Reached skill level 7 in Unarmed Combat
  5681 | D:7      | Slain by a sky beast

Illustrated notes

Levels and vault maps discovered:
D:1:      lightli_arrival_flooded_house, layout_basic, minmay_misc_feat_rugged
D:2:      layout_basic
D:3:      layout_basic, nemelex_diamond_rough_becter,
          nicolae_overflow_ecumenical_swirl, dreamdust_ecumenical_altar_statues,
          cheibrodos_sewer_entry_bend, dk_noncrumbling_2
D:4:      layout_basic, gammafunk_temple_overflow_elements, temple_fountains,
          feat_on_display
D:5:      layout_loops_ring, nicolae_gozag_conspicuous_consumption,
          serial_glass, glass_columns_b, glass_columns_a
D:6:      layout_cave_pods, lemuel_tele_altar, mainiacjoe_overflow_alcove_4
D:7:      layout_cave_pools, gammafunk_temple_overflow_statue,
          minmay_quadrilaterals

Skill      XL: |  1  2  3  4  5  6  7  8 |
---------------+-------------------------+-----
Armour         | 2 3 4 |  4.7
Dodging        | 1 2 3 |  3.0
Unarmed Combat | 2 3 4 6 7 |  7.3
Stealth        | 1 2 |  2.3
Shields        | 1 2 |  2.2
Fighting       | 4 |  4.0
Invocations    | |  2.6

Action                   |  1- 3 |  4- 6 |  7- 9 || total
-------------------------+-------+-------+-------++-------
Melee: Unarmed           |   134 |   165 |    90 ||   389
       Touch             |    20 |    35 |    18 ||    73
       Punch             |     1 |     4 |     5 ||    10
       Tailslap          |       |     8 |    16 ||    24
Invok: Depart the Abyss  |     1 |       |       ||     1
  Use: Scroll            |     8 |       |     4 ||    12
       Potion            |       |       |     3 ||     3
 Stab: Sleeping          |       |     1 |       ||     1
Armor: Leather armour    |    34 |       |       ||    34
       Quicksilver drago |    15 |    47 |    40 ||   102
       Chain mail        |     4 |       |       ||     4
Dodge: Dodged            |    76 |    80 |    37 ||   193
Block: Other             |       |    18 |    23 ||    41

Table legend: (Time is in decaauts)
 A = Elapsed time spent in this place.
 B = Non-inter-level travel time spent in this place.
 C = Inter-level travel time spent in this place.
 D = Time resting spent in this place.
 E = Time spent auto-exploring this place.
 F = Levels seen in this place.
 G = Mean time per level.
                   A        B        C        D        E       F      G
               +--------+--------+--------+--------+--------+-----+--------+
         Total |   5659 |   5326 |    333 |    106 |   4348 |   8 |  707.4 |
       Dungeon |   5659 |   5326 |    333 |    106 |   4348 |   7 |  808.4 |
         Abyss |      0 |      0 |      0 |      0 |      0 |   1 |    0.0 |
               +--------+--------+--------+--------+--------+-----+--------+

Top non-repeatable levels by time:
     D:6: 1001 daAuts
     D:1: 992 daAuts
     D:3: 955 daAuts
     D:4: 875 daAuts
     D:2: 852 daAuts
     D:5: 623 daAuts
     D:7: 358 daAuts
